AoeStats
← SharanamGanesha

Lombardia

508082939Analyzed
2v2 RM · 11d ago on Sep 20, 2026· 50m 30s· 4 players
Game mode
Random Map
Map size
Medium (4 player)
Population
200
Speed
Normal
Resources
Standard
Victory
Conquest
Starting age
Dark Age
Ending age
Imperial Age
RankedLock teamsTeams togetherTeam positionsShared explorationLock speedFull tech treeHidden civsTurbo modeCheats
Victory
Defeat
🇩🇪 Vikings · Germany
888
+18
🇩🇪 Gurjaras · Germany
888
+18
🇺🇦 Burmese · Ukraine
950
-19
🇩🇪 Byzantines · Germany
911
-29
Alien Red
11:16 Feudal Age
15:24 Castle Age
16:44 Double-Bit Axe
18:59 Scale Mail Armor
20:56 Bow Saw
25:57 Wheelbarrow
25:10 Horse Collar
28:04 Hand Cart
28:08 Light Cavalry
28:49 Husbandry
29:01 Scale Barding Armor
29:54 Heavy Plow
29:43 Loom
29:29 Crossbowman
32:10 Thumb Ring
38:54 Chain Barding Armor
46:43 Imperial Age
45:01 Pikeman
45:42 Squires
47:20 Halberdier
50:19 Arson
SharanamGanesha
10:19 Feudal Age
10:50 Horse Collar
19:54 Castle Age
18:25 Town Watch
20:54 Heavy Plow
21:02 Man-at-Arms
21:29 Gambesons
21:45 Squires
22:42 Wheelbarrow
23:24 Stone Mining
24:30 Gold Mining
24:27 Pikeman
27:16 Scale Barding Armor
27:22 Forging
27:03 Fletching
29:56 Hand Cart
30:21 Gold Shaft Mining
31:29 Chain Barding Armor
31:11 Padded Archer Armor
30:35 Elite Skirmisher
36:33 Scale Mail Armor
38:18 Bloodlines
38:09 Husbandry
38:14 Manipur Cavalry
43:02 Imperial Age
41:09 Long Swordsman
44:04 Howdah
44:35 Two-Handed Swordsman
46:46 Onager
Fürst-Pückler-Eis
5:29 Loom
12:10 Feudal Age
12:39 Horse Collar
12:49 Double-Bit Axe
17:31 Gold Mining
17:16 Man-at-Arms
17:44 Arson
20:08 Castle Age
18:19 Scale Mail Armor
20:39 Forging
20:36 Stone Mining
20:46 Town Watch
21:16 Bow Saw
21:01 Gambesons
21:29 Heavy Plow
22:39 Chain Mail Armor
22:49 Long Swordsman
23:47 Town Patrol
25:45 Squires
27:30 Iron Casting
28:29 Treadmill Crane
28:46 Murder Holes
29:35 Fletching
31:09 Ballistics
30:51 Bodkin Arrow
35:56 Imperial Age
35:45 Chieftains
36:49 Siege Engineers
37:46 Chemistry
36:58 Masonry
36:52 Bracer
40:24 Hoardings
42:23 Elite Berserk
45:57 Architecture
46:31 Two-Man Saw
46:07 Crop Rotation
48:24 Conscription
49:25 Plate Mail Armor
49:56 Blast Furnace
Batista
7:36 Loom
14:04 Feudal Age
14:31 Double-Bit Axe
14:29 Horse Collar
14:52 Gold Mining
15:40 Wheelbarrow
20:42 Castle Age
22:28 Hand Cart
22:27 Bow Saw
22:48 Town Watch
24:16 Scale Barding Armor
24:21 Forging
24:16 Husbandry
24:48 Heavy Plow
26:58 Stone Mining
27:46 Gold Shaft Mining
32:27 Bloodlines
33:52 Chain Barding Armor
34:07 Iron Casting
34:45 Fletching
36:07 Kshatriyas
38:37 Imperial Age
36:17 Murder Holes
36:44 Ballistics
36:34 Masonry
37:48 Treadmill Crane
39:08 Elite Chakram Thrower
40:25 Hoardings
39:50 Bodkin Arrow
39:58 Scale Mail Armor
39:59 Padded Archer Armor
41:01 Chemistry
40:32 Architecture
39:36 Heavy Camel Rider
40:38 Frontier Guards
40:41 Conscription
40:57 Hoardings
41:36 Plate Barding Armor
41:17 Caravan
44:54 Bracer
Connection lost

Rejoining the realm…

Still unreachable

The connection could not be restored.

Session expired

The server has moved on; the page needs a fresh start.